 Dungeon Crawl Stone Soup version 0.30-a0-292-g0f741e3f8e (webtiles) character file.

Game seed: 552544517159235024

126 plokij the Trooper (level 4, 0/41 HPs)
             Began as a Minotaur Fighter on Oct 17, 2022.
             Slain by an adder (2 damage)
             ... on level 3 of the Dungeon.
             The game lasted 00:05:38 (1827 turns).

plokij the Trooper (Minotaur Fighter)               Turns: 1827, Time: 00:05:38

Health: 0/41       AC:  8    Str: 21    XL:     4   Next: 84%
Magic:  3/3        EV:  6    Int:  5    God:
Gold:   133        SH:  4    Dex: 11    Spells: 3/3 levels left

rFire   . . .      SeeInvis .    a - +0 long sword
rCold   . . .      Faith    .    c - +0 buckler
rNeg    . . .      Spirit   .    b - +0 scale mail
rPois   .          Reflect  .    (helmet restricted)
rElec   .          Harm     .    l - +0 cloak
rCorr   .          Rampage  .    (no gloves)
Will    .....                    (no boots)
Stlth   ..........               (no amulet)
HPRegen 0.26/turn                (no ring)
MPRegen 0.08/turn                (no ring)

@: constricted
A: horns 2, retaliatory headbutt
a: no special abilities


You were on level 3 of the Dungeon.
You visited 1 branch of the dungeon, and saw 3 of its levels.

You collected 133 gold pieces.

Inventory:

Hand Weapons
 a - a +0 long sword (weapon)
Armour
 b - a +0 scale mail (worn)
 c - a +0 buckler (worn)
 l - a +0 cloak (worn)
Magical Staves
 s - a staff of earth
Jewellery
 h - a ring of protection from fire
Scrolls
 e - a scroll of enchant weapon {unknown}
 f - 2 scrolls of noise {unknown}
 i - 2 scrolls of enchant armour {unknown}
 j - 4 scrolls of identify {unknown}
 k - a scroll of immolation {unknown}
 p - a scroll of acquirement {unknown}
 q - a scroll of silence {unknown}
Potions
 d - a potion of might
 g - a potion of curing {unknown}
 m - a potion of mutation {unknown}
 n - a potion of degeneration {unknown}
 o - a potion of invisibility {unknown}
 r - a potion of resistance {unknown}


   Skills:
 + Level 4.3 Fighting
 * Level 4.1 Long Blades
 + Level 4.2 Armour
 + Level 1.6 Dodging
 + Level 4.2 Shields


You had 3 spell levels left.
You didn't know any spells.
Your spell library was empty.

Dungeon Overview and Level Annotations

Branches:
Dungeon (3/15)

Altars:

Shops:
D:2 :


Innate Abilities, Weirdness & Mutations

You have a pair of horns on your head.
You reflexively headbutt those who attack you in melee.


Message History

The adder is lightly wounded.
You feel sick. The adder bites you but does no damage.
You block the ball python's attack. The ball python constricts you.
The adder barely misses you. The orc hits you but does no damage.
The adder bites you.
* * * LOW HITPOINT WARNING * * *
You hit the adder.
The adder is moderately wounded.
You feel sick. You block the ball python's attack.
The ball python constricts you.
The adder bites you but does no damage. x2
The orc hits you with a +0 hand axe.
* * * LOW HITPOINT WARNING * * *
You block the ball python's attack. The ball python constricts you.
You block the adder's attack.
You miss the adder.
The adder is moderately wounded.
You feel sick. The adder completely misses you.
The adder bites you but does no damage. The orc barely misses you.
The ball python barely misses you. The ball python constricts you.
* * * LOW HITPOINT WARNING * * *
The adder bites you but does no damage.
You closely miss the adder.
The adder is moderately wounded.
You feel sick.
You are no longer poisoned.
You block the adder's attack. You block the ball python's attack.
The ball python constricts you. The orc hits you but does no damage.
The adder bites you but does no damage. The adder barely misses you.
You furiously retaliate!
You headbutt the adder!
You kill the adder!
The ball python bites you but does no damage.
The ball python constricts you.
* * * LOW HITPOINT WARNING * * *
The orc hits you with a +0 hand axe.
* * * LOW HITPOINT WARNING * * *
You closely miss the adder.
The adder is lightly wounded.
The adder bites you but does no damage. You block the ball python's attack.
The ball python constricts you. The adder bites you.
You die...

#........ .........
#........ .#######..
####........ .# ..
#..........# .######
...#.........$# ......##
..............#
.......##.............
.............##oSS.# ....
................@†.# ..(.
####...............# .....
....#####..........# .....
###.#####..........#......
..............#....#......
..............'....'......
###.###########....####...
# #.###########...## #
#............##.#####..


You could see an adder, an orc and a ball python.

Vanquished Creatures
  An orc wizard (D:3)
  4 adders
  A dart slug (D:1)
  5 orcs
  4 endoplasms
  3 giant cockroaches
  6 goblins
  5 hobgoblins
  4 jackals (D:3)
  2 quokkas
  7 ball pythons
  6 bats
  2 frilled lizards
  3 kobolds
  4 rats
57 creatures vanquished.

Notes
Turn   | Place    | Note
-------+----------+-------------------------------------------
     0 | D:1      | plokij the Minotaur Fighter began the quest for the Orb.
     0 | D:1      | Reached XP level 1. HP: 19/19 MP: 0/0
   129 | D:1      | Reached XP level 2. HP: 27/27 MP: 1/1
   751 | D:2      | Reached XP level 3. HP: 33/33 MP: 2/2
   861 | D:2      | Reached skill level 1 in Dodging
  1335 | D:2      | Found Ysaxtuyck's Vocational Training.
  1588 | D:3      | Reached XP level 4. HP: 40/40 MP: 3/3
  1826 | D:3      | HP: 2/41 [orc/+0 hand axe (1)]
  1827 | D:3      | Slain by an adder

Illustrated notes

Levels and vault maps discovered:
D:1:      wander_arrival_desolate, layout_basic
D:2:      layout_basic, nicolae_shop_vocational
D:3:      layout_basic, uniq_jessica, uniq_pargi

Skill      XL: |  1  2  3  4 |
---------------+-------------+-----
Long Blades    | 3 4 |  4.1
Shields        | 4 |  4.2
Dodging        | 1 |  1.6
Fighting       | 4 |  4.3
Armour         | 4 |  4.2

Action                   |  1- 3 |  4- 6 || total
-------------------------+-------+-------++-------
Melee: Long sword        |    87 |    39 ||   126
       Headbutt          |    14 |     7 ||    21
Armor: Scale mail        |    51 |    36 ||    87
Dodge: Dodged            |    43 |    43 ||    86
Block: Buckler           |    38 |    24 ||    62

Table legend: (Time is in decaauts)
 A = Elapsed time spent in this place.
 B = Non-inter-level travel time spent in this place.
 C = Inter-level travel time spent in this place.
 D = Time resting spent in this place.
 E = Time spent auto-exploring this place.
 F = Levels seen in this place.
 G = Mean time per level.
                   A        B        C        D        E       F      G
               +--------+--------+--------+--------+--------+-----+--------+
         Total |   1860 |   1690 |    170 |      0 |   1290 |   3 |  620.0 |
       Dungeon |   1860 |   1690 |    170 |      0 |   1290 |   3 |  620.0 |
               +--------+--------+--------+--------+--------+-----+--------+

Top non-repeatable levels by time:
     D:2: 884 daAuts
     D:1: 710 daAuts
     D:3: 265 daAuts
